 Seeded DCSS version 0.28.0-62-gf88900778d (webtiles) character file.

Game seed: 2473651364212719203 (custom seed)

1604 tkbsonic5 the Sneak (level 8, 0/40 HPs)
             Began as a Vampire Necromancer on Mar 2, 2023.
             Was a Believer of Hepliaklqana.
             Slain by a killer bee (4 damage)
             ... on level 7 of the Dungeon on Mar 3, 2023.
             The game lasted 00:39:06 (9850 turns).

tkbsonic5 the Sneak (Vampire Necromancer)           Turns: 9850, Time: 00:39:06

Health: 0/40       AC:  5    Str:  7    XL:     8   Next: 63%
Magic:  14/14      EV: 14    Int: 19    God:    Hepliaklqana [**....]
Gold:   300        SH:  0    Dex: 15    Spells: 2/15 levels left

rFire   . . .      SeeInvis +   t - staff of death
rCold   + + .      Faith    .   (no shield)
rNeg    + + +      Spirit   .   m - +0 animal skin
rPois   ∞          Reflect  .   o - +1 helmet
rElec   .          Harm     .   (no cloak)
rCorr   .          Rampage  .   (no gloves)
Will    .....                   s - +0 pair of boots
Stlth   +++++.....              (no amulet)
HPRegen 0.00/turn               f - ring of wizardry
MPRegen 0.14/turn               (no ring)

@: about to teleport, bloodless, inhibited regen
A: reduced essence, bloodless, fangs 3, see invisible, vampiric 2
a: Bat Form, Revivify, Renounce Religion, Recall Ancestor, Ancestor Identity


You were on level 7 of the Dungeon.
You worshipped Hepliaklqana.
Hepliaklqana was pleased with you.
You visited 2 branches of the dungeon, and saw 8 of its levels.

You collected 300 gold pieces.

Inventory:

Hand Weapons
 c - a +0 war axe
 j - a +0 shortbow
 l - a +3 short sword of venom
 n - a +0 hunting sling
 y - a +0 rapier
Missiles
 g - 15 bolts
 h - 19 sling bullets
 i - 114 arrows
 u - 5 javelins
Armour
 a - a +0 robe
 m - a +0 animal skin (worn)
 o - a +1 helmet (worn)
 p - a +0 ring mail
 s - a +0 pair of boots (worn)
Magical Staves
 q - a staff of air
 t - a staff of death (weapon)
Jewellery
 f - a ring of wizardry (left hand)
Wands
 b - a wand of polymorph (17)
Scrolls
 v - a scroll of teleportation
 w - a scroll of noise
Potions
 d - a potion of resistance
 e - a potion of brilliance
 k - 2 potions of lignification
 r - a potion of ambrosia {unknown}
 x - a potion of mutation {unknown}


   Skills:
 * Level 3.5 Fighting
 - Level 3.7 Short Blades
 * Level 4.8 Dodging
 * Level 7.0 Stealth
 * Level 4.4 Spellcasting
 * Level 3.1 Hexes
 + Level 2.8 Summonings
 * Level 6.5 Necromancy


You had 2 spell levels left.
You knew the following spells:

 Your Spells              Type           Power      Damage    Failure   Level
a - Pain                  Necr           100%       1d9       1%          1
b - Animate Skeleton      Necr           86%        N/A       1%          1
c - Vampiric Draining     Necr           43%        2d9       1%          3
d - Summon Small Mammal   Summ           60%        N/A       1%          1
e - Animate Dead          Necr           21%        N/A       3%          4
f - Inner Flame           Hex/Fire       10%        N/A       9%          3

Your spell library contained the following spells:

 Spells                   Type           Power      Damage    Failure   Level
 Apportation              Tloc           8%         N/A       5%          1
 Agony                    Necr           43%        N/A       10%         5
 Cause Fear               Hex            8%         N/A       14%         4
 Discord                  Hex            8%         N/A       100%        8


Dungeon Overview and Level Annotations

Branches:
Dungeon (7/15)             Temple (1/1) D:4

Altars:
Cheibriados
Dithmenos
Elyvilon
Gozag
Hepliaklqana
Makhleb
Nemelex Xobeh
Okawaru
Qazlal
Ru
Wu Jian
Zin

Shops:
D:1 ?   D:4 =

Portals:
Bailey: D:7


Innate Abilities, Weirdness & Mutations

Your life essence is reduced to manifest your ancestor. (-10% HP)
You do not regenerate when monsters are visible.
You are frail without blood (-20% HP).
You can heal yourself when you bite living creatures.
You are immune to poison.
You have razor-sharp teeth.
You have supernaturally acute eyesight. (SInv)
You are afflicted with vampirism and can become a bat while bloodless.


Message History

You bite the killer bee.
The killer bee is lightly wounded.
The killer bee closely misses your quokka.
The killer bee stings your quokka. The killer bee misses you.
The killer bee stings your quokka but does no damage.
Tiberia closely misses the killer bee.
The killer bee closely misses your quokka.
The killer bee closely misses you.
Your quokka bites the killer bee but does no damage.
The killer bee closely misses your quokka.
Tiberia casts a spell at the killer bee.
The killer bee appears confused.
An iguana comes into view.
The killer bee barely misses your quokka.
The killer bee misses the killer bee.
The killer bee stings your quokka.
Your quokka dies!
Your quokka's corpse disappears in a puff of smoke!
The killer bee stings Tiberia.
Tiberia hits the killer bee with a +0 dagger of draining.
Tiberia drains the killer bee.
The killer bee stings the killer bee.
The iguana bites you!
* * * LOW HITPOINT WARNING * * *
The killer bee closely misses Tiberia.
Tiberia gestures at the killer bee while chanting.
The killer bee resists with significant effort.
The killer bee closely misses you.
You hear the creaking of a portcullis very nearby.
The killer bee stings Tiberia.
The killer bee closely misses Tiberia.
Tiberia hits the killer bee with a +0 dagger of draining.
Tiberia drains the killer bee.
The killer bee dies!
The killer bee misses you.
Your Stealth skill increases to level 7!
Your Hexes skill increases to level 3!
As you read the scroll of teleportation, it crumbles to dust.
You feel strangely unstable. The killer bee stings you.
* * * LOW HITPOINT WARNING * * *
Tiberia hits the iguana but does no damage.
Tiberia drains the iguana.
The killer bee stings you.
You die...

#### ..# #.#
...#.###.#####
)............#
∩)...###.###.#
).......ly@..#
.......Ry###.###
###..##### #.#.##
........####..#<## .##
.........###.##
.#$####.## ##R#######.
..#.###.## ##........
.........## ##.#######.
..#.#####.###.########.#


You could see the friendly Tiberia the hexer, an iguana (drained, ally target)
and 2 killer bees.

Vanquished Creatures
  Prince Ribbit (D:5)
  2 ice beasts (D:5)
  A black bear (D:6)
  2 ogres
  A centaur (D:5)
  4 hounds
  2 jellies
  2 bullfrog zombies (D:5)
  2 centaur zombies (D:6)
  A bullfrog skeleton (D:6)
  A scorpion zombie (D:5)
  An iguana (D:5)
  2 orc wizards (D:3)
  Robin (D:3)
  5 adders (D:3)
  2 shadow imps (D:6)
  An adder skeleton (D:4)
  3 worms
  2 dart slugs
  8 orcs
  10 ball pythons
  7 endoplasms
  5 giant cockroaches
  23 goblins
  8 hobgoblins
  7 jackals
  A quokka (D:1)
  7 bats
  4 kobolds
  3 rats
119 creatures vanquished.

Vanquished Creatures (collateral kills)
  A hornet zombie (D:6)
  A sky beast (D:7)
  A killer bee (D:7)
  An ufetubus (D:6)
  An orc (D:5)
  An endoplasm (D:1)
  A ball python (D:1)
7 creatures vanquished.

Vanquished Creatures (others)
  2 ancestors (D:6)
2 creatures vanquished.

Grand Total: 128 creatures vanquished

Notes
Turn   | Place    | Note
-------+----------+-------------------------------------------
     0 | D:1      | tkbsonic5 the Vampire Necromancer began the quest for the
                  | Orb.
     0 | D:1      | Reached XP level 1. HP: 13/13 MP: 3/3
   323 | D:1      | Learned a level 1 spell: Animate Skeleton
   392 | D:1      | Reached XP level 2. HP: 18/20 MP: 0/5
   865 | D:1      | Found Jiofaror's Magic Scroll Emporium.
  1235 | D:2      | Gained mutation: You are afflicted with vampirism and can
                  | become a bat while bloodless. [Vampire growth]
  1235 | D:2      | Reached XP level 3. HP: 23/25 MP: 3/6
  1239 | D:2      | Learned a level 3 spell: Vampiric Draining
  1435 | D:2      | Found an ornate altar of the Wu Jian Council.
  1716 | D:2      | Reached skill level 1 in Short Blades
  1814 | D:2      | Found a faded altar of an unknown god.
  2371 | D:3      | Reached XP level 4. HP: 26/31 MP: 1/7
  2481 | D:3      | HP: 1/31 [adder (3)]
  2615 | D:3      | Reached skill level 4 in Stealth
  2617 | D:3      | Learned a level 1 spell: Summon Small Mammal
  2672 | D:3      | Reached skill level 1 in Fighting
  3328 | D:3      | Reached XP level 5. HP: 25/29 MP: 1/9
  3347 | D:3      | Reached skill level 5 in Necromancy
  3714 | D:3      | Noticed Robin
  3767 | D:3      | Killed Robin
  4381 | D:3      | Reached skill level 1 in Summonings
  4783 | D:3      | Found a faded altar of an unknown god.
  4786 | D:3      | Found an ornate altar of the Wu Jian Council.
  4986 | D:4      | Noticed an ogre
  4993 | D:4      | Killed an ogre
  4994 | D:4      | Reached XP level 6. HP: 35/35 MP: 3/10
  4999 | D:4      | Learned a level 4 spell: Animate Dead
  5033 | D:4      | Found Voaguule's Jewellery Shop.
  5110 | D:4      | Reached skill level 5 in Stealth
  5339 | D:4      | Found a staircase to the Ecumenical Temple.
  5365 | Temple   | Entered the Ecumenical Temple
  5373 | Temple   | Became a worshipper of Hepliaklqana the Forgotten
  5679 | D:5      | Entered Level 5 of the Dungeon
  5695 | D:5      | Noticed Prince Ribbit
  5713 | D:5      | Killed Prince Ribbit
  5714 | D:5      | Reached XP level 7. HP: 9/40 MP: 1/12
  6771 | D:5      | Reached skill level 6 in Stealth
  6853 | D:5      | Reached * piety under Hepliaklqana
  6868 | D:5      | Learned a level 3 spell: Inner Flame
  6870 | D:5      | Found a large runed translucent door.
  6871 | D:5      | Found a large runed translucent door.
  7222 | D:5      | Found a snail-covered altar of Cheibriados.
  7229 | D:5      | Reached XP level 8. HP: 30/39 MP: 14/14
  7943 | D:6      | Reached skill level 1 in Hexes
  8630 | D:6      | Found an opulent altar of Gozag.
  9826 | D:7      | Reached ** piety under Hepliaklqana
  9827 | D:7      | Remembered your ancestor Tiberia as a hexer
  9841 | D:7      | Found a flagged portal.
  9850 | D:7      | Reached skill level 7 in Stealth
  9850 | D:7      | Slain by a killer bee

Illustrated notes

Levels and vault maps discovered:
D:1:      psy_arrival_radial02, layout_basic, serial_shops, shop_statue,
          minmay_misc_feat_square
D:2:      layout_basic, basic_altar, hellmonk_ecumenical_altar_leap_of_faith
D:3:      layout_basic, nicolae_overflow_ecumenical_swirl, grunt_ministairs_7,
          minmay_diced_spiral, uniq_robin
D:4:      layout_rooms, minmay_temple_entry_drinking_statues, serial_shops,
          nicolae_shop_stone
D:5:      layout_basic, jmf_multi_god_temple2, uniq_prince_ribbit1
D:6:      layout_layer_cave, nicolae_gozag_seed_capital, kennysheep_another_room
D:7:      layout_loops_ring, mainiacjoe_overflow_tiny_flanked, enter_bailey_2,
          serial_shops, nicolae_shop_behind_doors, nrook_uturn,
          roderic_serpentine_path, minmay_misc_feat_pillars,
          serial_bayou_pond_e, uniq_joseph, uniq_maggie
Temple:   eino_temple_lava

Skill      XL: |  1  2  3  4  5  6  7  8 |
---------------+-------------------------+-----
Short Blades   | 1 2 3 |  3.7
Stealth        | 4 5 6 7 |  7.0
Fighting       | 1 2 3 |  3.5
Dodging        | 3 4 |  4.8
Necromancy     | 5 6 |  6.5
Summonings     | 1 2 |  2.8
Spellcasting   | 3 4 |  4.4
Hexes          | 3 |  3.1

Action                   |  1- 3 |  4- 6 |  7- 9 || total
-------------------------+-------+-------+-------++-------
Melee: Unarmed           |     8 |       |       ||     8
       Mace              |     6 |       |       ||     6
       Bite              |     2 |     4 |     9 ||    15
       Dagger            |     4 |       |       ||     4
       Short sword       |       |    40 |    59 ||    99
       Punch             |       |       |     1 ||     1
       Staff             |       |       |    16 ||    16
 Cast: Pain              |    94 |   119 |    11 ||   224
       Animate Skeleton  |    13 |    11 |       ||    24
       Summon Small Mamm |       |     4 |    24 ||    28
       Vampiric Draining |       |     1 |     1 ||     2
       Animate Dead      |       |     1 |     3 ||     4
       Inner Flame       |       |       |    19 ||    19
Invok: Ancestor Identity |       |       |     1 ||     1
       Ancestor Life: He |       |       |     1 ||     1
 Abil: Exsanguinate      |       |     1 |       ||     1
  Use: Potion            |       |     5 |       ||     5
       Scroll            |       |     4 |     7 ||    11
 Stab: Sleeping          |       |       |     6 ||     6
       Distracted        |       |       |     2 ||     2
Armor: Robe              |     7 |     3 |       ||    10
       Skin              |       |     3 |       ||     3
       Animal skin       |       |     5 |    21 ||    26
Dodge: Dodged            |    47 |    45 |    47 ||   139
